 Dungeon Crawl Stone Soup version 0.29.1-15-g9cfb28693d (webtiles) character file.

Game seed: 12689750918349607476

2783 Smoke131 the Blocker (level 9, -3/82 HPs)
             Began as a Minotaur Fighter on Feb 22, 2023.
             Slain by a wyvern (9 damage)
             ... on level 7 of the Dungeon.
             The game lasted 00:14:22 (7607 turns).

Smoke131 the Blocker (Minotaur Fighter)             Turns: 7607, Time: 00:14:22

Health: -3/82      AC: 10    Str: 30    XL:     9   Next: 43%
Magic:  8/8        EV: 10    Int:  5    God:
Gold:   326        SH:  6    Dex: 17    Spells: 8/8 levels left

rFire   . . .      SeeInvis .   a - +0 long sword
rCold   . . .      Faith    .   c - +0 buckler
rNeg    . . .      Spirit   .   b - +0 scale mail
rPois   .          Reflect  .   (helmet restricted)
rElec   .          Harm     .   A - +1 cloak
rCorr   .          Rampage  .   (no gloves)
Will    .....                   (no boots)
Stlth   ..........              (no amulet)
HPRegen 0.23/turn               v - +6 ring of dexterity
MPRegen 0.11/turn               y - +6 ring of strength

@: no status effects
A: horns 2, retaliatory headbutt
a: no special abilities


You were on level 7 of the Dungeon.
You visited 1 branch of the dungeon, and saw 7 of its levels.

You collected 326 gold pieces.

Inventory:

Hand Weapons
 a - a +0 long sword (weapon)
Missiles
 F - a throwing net (quivered)
Armour
 b - a +0 scale mail (worn)
 c - a +0 buckler (worn)
 A - a +1 cloak (worn)
Jewellery
 i - a ring of ice
 v - a +6 ring of dexterity (left hand)
 y - a +6 ring of strength (right hand)
Wands
 d - a wand of roots (8)
 z - a wand of digging (6)
 E - a wand of paralysis (8)
Scrolls
 g - 2 scrolls of poison
 h - a scroll of teleportation {unknown}
 j - a scroll of noise {unknown}
 n - a scroll of immolation
 o - 2 scrolls of enchant weapon {unknown}
 p - a scroll of blinking
 t - a scroll of brand weapon {unknown}
 w - a scroll of acquirement {unknown}
 D - a scroll of butterflies {unknown}
 G - a scroll of enchant armour {unknown}
Potions
 e - 2 potions of ambrosia
 f - 3 potions of lignification {unknown}
 k - 2 potions of flight
 l - a potion of resistance {unknown}
 m - 4 potions of brilliance
 q - a potion of invisibility {unknown}
 r - 2 potions of magic
 s - 2 potions of attraction {unknown}
 u - a potion of haste {unknown}
 x - 2 potions of cancellation {unknown}
 B - a potion of curing {unknown}
 C - 5 potions of degeneration {unknown}


   Skills:
 + Level 8.6 Fighting
 + Level 8.1 Long Blades
 + Level 8.6 Armour
 + Level 8.6 Shields


You had 8 spell levels left.
You didn't know any spells.
Your spell library contained the following spells:

 Spells                   Type           Power      Damage    Failure   Level
 Magic Dart               Conj           0%         1d3       77%         1
 Shock                    Conj/Air       0%         1d3       77%         1
 Ensorcelled Hibernation  Hex/Ice        0%         N/A       88%         2
 Passwall                 Tmut/Erth      0%         N/A       88%         2
 Searing Ray              Conj           0%         2d4       88%         2
 Dazzling Flash           Conj/Hex       0%         N/A       98%         3
 Ozocubu's Armour         Ice            0%         N/A       98%         3
 Swiftness                Air            0%         N/A       98%         3
 Airstrike                Air            0%         2d(0-16)  100%        4
 Fulminant Prism          Conj/Hex       0%         3d6       100%        4
 Iskenderun's Mystic Bla  Conj/Tloc      0%         2d3       100%        4
 Metabolic Englaciation   Hex/Ice        0%         N/A       100%        5
 Simulacrum               Ice/Necr       0%         N/A       100%        6
 Starburst                Conj/Fire      0%         6d3       100%        6


Dungeon Overview and Level Annotations

Branches:
Dungeon (7/15)             Temple (0/1) D:4

Altars:
Makhleb
Zin


Innate Abilities, Weirdness & Mutations

You have a pair of horns on your head.
You reflexively headbutt those who attack you in melee.


Message History

The ice beast freezes you! The wyvern closely misses you.
You barely miss the ice beast.
The ice beast is severely wounded.
The ice beast closely misses you. You block the wyvern's attack.
You hit the ice beast but do no damage. You headbutt the ice beast.
The ice beast is severely wounded.
The wyvern bites you! You block the ice beast's attack.
The wyvern bites you but does no damage.
You are too injured to fight recklessly!
You are too injured to fight recklessly!
You are too injured to fight recklessly!
You are too injured to fight recklessly!
You slash the ice beast!
You kill the ice beast!
You block the wyvern's attack.
You closely miss the wyvern. Your headbutt misses the wyvern.
The wyvern is lightly wounded.
The wyvern bites you! The wyvern completely misses you.
You hit the wyvern. Your headbutt misses the wyvern.
The wyvern is lightly wounded.
The wyvern barely misses you.
You closely miss the wyvern.
The wyvern is lightly wounded.
You block the wyvern's attack. x2
You hit the wyvern. You headbutt the wyvern.
The wyvern is moderately wounded.
The wyvern barely misses you. You furiously retaliate!
You headbutt the wyvern. You hit the wyvern but do no damage.
The wyvern is moderately wounded.
You block the wyvern's attack. The wyvern bites you.
You hit the wyvern. Your headbutt misses the wyvern.
The wyvern is heavily wounded.
The wyvern bites you!
* * * LOW HITPOINT WARNING * * *
You hit the wyvern but do no damage. You headbutt the wyvern!
The wyvern is almost dead.
The wyvern bites you!
* * * LOW HITPOINT WARNING * * *
The wyvern bites you!
You die...

#..........
#..........
#.<........
#..........
####..........
#..........#
#....†..!..#
+.....@l.#
#......#.#
........+ #
........#
........#
###...#.#
....#..
##..####


You could see a wyvern.

Vanquished Creatures
  Pikel (D:5)
  Grinder (D:5)
  Sigmund (D:5)
  Eustachio (D:5)
  A steam dragon (D:6)
  Menkaure (D:6)
  A black bear (D:6)
  3 ice beasts
  A sky beast (D:6)
  An ogre (D:6)
  A lemure (D:5)
  A kobold brigand (D:6)
  A necrophage (D:5)
  2 scorpions
  5 wights
  4 hounds
  A gnoll bouda (D:6)
  5 iguanas
  Ijyb (D:5)
  4 gnolls (D:6)
  13 adders
  3 white imps
  An ufetubus (D:6)
  A worm (D:2)
  A dart slug (D:1)
  7 orcs
  6 endoplasms
  A giant cockroach (D:1)
  6 goblins
  4 hobgoblins
  6 jackals (D:4)
  14 kobolds
  4 quokkas
  8 ball pythons
  3 bats (D:1)
  3 frilled lizards
  10 rats
128 creatures vanquished.

Notes
Turn   | Place    | Note
-------+----------+-------------------------------------------
     0 | D:1      | Smoke131 the Minotaur Fighter began the quest for the Orb.
     0 | D:1      | Reached XP level 1. HP: 19/19 MP: 0/0
   420 | D:1      | Reached XP level 2. HP: 27/27 MP: 1/1
   584 | D:1      | Found a faded altar of an unknown god.
  1256 | D:1      | Reached XP level 3. HP: 33/33 MP: 2/2
  2495 | D:3      | Reached XP level 4. HP: 32/40 MP: 3/3
  3896 | D:4      | Reached XP level 5. HP: 37/47 MP: 4/4
  3960 | D:4      | Found a staircase to the Ecumenical Temple.
  4003 | D:4      | Found a burning altar of Makhleb.
  4318 | D:4      | Reached skill level 5 in Fighting
  4318 | D:4      | Reached skill level 5 in Armour
  4318 | D:4      | Reached skill level 5 in Shields
  4589 | D:5      | Entered Level 5 of the Dungeon
  4604 | D:5      | Noticed an ice beast
  4626 | D:5      | Killed an ice beast
  4627 | D:5      | Reached XP level 6. HP: 55/56 MP: 5/5
  4673 | D:5      | Noticed Ijyb
  4679 | D:5      | Killed Ijyb
  5006 | D:5      | Noticed Grinder
  5012 | D:5      | Paralysed by Grinder for 4 turns
  5018 | D:5      | Killed Grinder
  5019 | D:5      | Reached skill level 5 in Long Blades
  5019 | D:5      | Reached XP level 7. HP: 19/62 MP: 6/6
  5462 | D:5      | Noticed Pikel
  5486 | D:5      | Killed Pikel
  5487 | D:5      | Reached XP level 8. HP: 29/71 MP: 7/7
  5911 | D:5      | Noticed Sigmund
  5924 | D:5      | Killed Sigmund
  6558 | D:6      | Noticed Menkaure
  6574 | D:6      | Killed Menkaure
  6575 | D:6      | Reached XP level 9. HP: 60/81 MP: 8/8
  6719 | D:6      | Found a glowing silver altar of Zin.
  7109 | D:6      | Noticed Eustachio
  7128 | D:5      | Killed Eustachio
  7607 | D:7      | Slain by a wyvern

Illustrated notes

Levels and vault maps discovered:
D:1:      erik_arrival_cave_to_civilisation [erik_arrival_cave_to_hall],
          layout_basic, basic_ecumenical_altar, minmay_crystal_water,
          kennysheep_nondescript, minmay_fountain_box, minmay_shallow_snake_nest
D:2:      layout_loops_corners, grunt_ministairs_3
D:3:      layout_basic
D:4:      layout_cave_pods, kennysheep_mini_moat, minmay_temple_entry_crystal_x
D:5:      layout_loops_corners, uniq_crazy_yiuf_cottage, uniq_sigmund,
          uniq_ijyb, uniq_pikel, uniq_grinder
D:6:      layout_rooms, zin_treasury, hex_intersection,
          kennysheep_windowed_goal, uniq_eustachio, uniq_menkaure
D:7:      layout_basic, yredelemnul_altar_generic, st_stairs_7

Skill      XL: |  1  2  3  4  5  6  7  8  9 |
---------------+----------------------------+-----
Armour         | 4 5 6 8 |  8.6
Shields        | 4 5 6 8 |  8.6
Fighting       | 4 5 6 7 8 |  8.6
Long Blades    | 3 4 5 6 7 8 |  8.1

Action                   |  1- 3 |  4- 6 |  7- 9 || total
-------------------------+-------+-------+-------++-------
Melee: Long sword        |   111 |   119 |   180 ||   410
       Headbutt          |    14 |    18 |    38 ||    70
Evoke: Wand              |       |       |     7 ||     7
  Use: Scroll            |       |    11 |       ||    11
       Potion            |       |     4 |     1 ||     5
 Stab: Paralysed         |       |       |     5 ||     5
Armor: Scale mail        |    50 |    53 |    86 ||   189
Dodge: Dodged            |    43 |    57 |    94 ||   194
Block: Buckler           |    27 |    37 |    69 ||   133
